 Dungeon Crawl Stone Soup version 0.30-b1-2-g02819fbbbe (webtiles) character file.

Game seed: 15055035447056696603

19 DavidChitty2 the Covered (level 2, -3/27 HPs)
             Began as a Minotaur Fighter on May 16, 2023.
             Slain by Sigmund
             ... wielding a +2 scythe of venom
              (6 damage)
             ... on level 2 of the Dungeon.
             The game lasted 00:01:06 (826 turns).

DavidChitty2 the Covered (Minotaur Fighter)          Turns: 826, Time: 00:01:07

Health: -3/27      AC:  7    Str: 20    XL:     2   Next: 55%
Magic:  1/1        EV:  9    Int:  5    God:
Gold:   128        SH:  0    Dex:  9    Spells: 1/1 levels left

rFire   . . .        a - +0 war axe
rCold   . . .        c - +0 buckler
rNeg    . . .        b - +0 scale mail
rPois   .            (helmet restricted)
rElec   .            (no cloak)
rCorr   .            (no gloves)
SInv    .            (no boots)
Will    .....        (no amulet) Stlth
                     (no ring)
HPRegen 0.24/turn    (no ring)
MPRegen 0.07/turn

%: no passive effects
@: confused, lethally poisoned (-3 -> -9)
A: horns 2, retaliatory headbutt
a: no special abilities


You were on level 2 of the Dungeon.
You visited 1 branch of the dungeon, and saw 2 of its levels.

You collected 128 gold pieces.

Inventory:

Hand Weapons
 a - a +0 war axe (weapon)
Armour
 b - a +0 scale mail (worn)
 c - a +0 buckler (worn)
Scrolls
 f - a scroll of enchant armour {unknown}
 h - 2 scrolls of silence {unknown}
 j - a scroll of noise {unknown}
 m - 2 scrolls of identify {unknown}
 n - a scroll of fear {unknown}
 q - a scroll of amnesia {unknown}
Potions
 d - a potion of might
 e - 2 potions of curing {unknown}
 g - a potion of brilliance {unknown}
 i - a potion of attraction {unknown}
 k - a potion of resistance {unknown}
 l - a potion of cancellation {unknown}
 o - a potion of haste {unknown}
 p - a potion of flight {unknown}


   Skills:
 + Level 3.9 Fighting
 * Level 3.1 Axes
 + Level 3.9 Armour
 + Level 3.9 Shields


You had one spell level left.
You didn't know any spells.
Your spell library contained the following spells:

 Spells                   Type           Power      Damage    Failure   Level
 Necrotise                Necr           0%         1d4       88%         1
 Sandblast                Erth           0%         2d4       88%         1
 Passwall                 Tmut/Erth      0%         N/A       95%         2
 Stone Arrow              Conj/Erth      0%         3d7       99%         3
 Vampiric Draining        Necr           0%         2d6       99%         3
 Agony                    Necr           0%         N/A       100%        5


Dungeon Overview and Level Annotations

Branches:
Dungeon (2/15)

Altars:

Shops:
D:1 =

Annotations:
D:2 Sigmund


Innate Abilities, Weirdness & Mutations

You have a pair of horns on your head.
You reflexively headbutt those who attack you in melee.


Message History

No target in view!
No target in view!
No target in view!
No target in view!
No target in view!
No target in view!
No target in view!
No target in view!
No target in view!
No target in view!
You now have 119 gold pieces (gained 17).
Found a scroll labelled NYEKO VETYNE.
q - a scroll labelled JUWUTI JUYWINE
Found 9 gold pieces.
You see here 5 stones.
m - 2 scrolls labelled NYEKO VETYNE (gained 1)
You now have 128 gold pieces (gained 9).
Sigmund the Dreaded comes into view.
He is wielding a +2 scythe of venom.
Sigmund shouts!
Sigmund points at you and mumbles some strange words.
The puff of flame hits you.
A bat comes into view.
You block Sigmund's attack. The bat hits you but does no damage.
You closely miss the bat. The bat hits you but does no damage.
You block the bat's attack. The bat hits you but does no damage.
The bat closely misses you. You furiously retaliate!
You headbutt the bat!
You kill the bat!
Sigmund hits you but does no damage.
You see here a bat corpse.
You closely miss Sigmund.
Sigmund points at you and mumbles some strange words.
You are confused.
Sigmund barely misses you.
You miss Sigmund.
Sigmund casts a spell.
Sigmund flickers and vanishes!
Deactivating autopickup; reactivate with Ctrl-A.
Something hits you.
You are poisoned.
You feel very sick.
You feel very sick.
You hear some strange, mumbled words.
A puff of flame appears from out of thin air!
The puff of flame hits you!
* * * LOW HITPOINT WARNING * * *
You're too confused to move!
* * * LOW HITPOINT WARNING * * *
You feel sick. Something hits you.
You die...

#........ #........
#........ #........
#........ ####.....
#.....
################...##
.#...@..............#.
........{............##.
.#.......†...........##.
#........##.........##.
#........##.........##.
#........##.........###
#........##.........#
#........##.........#
........##.........#


There were no monsters in sight!

Vanquished Creatures
  A dart slug (D:2)
  A worm (D:2)
  3 bats
  An endoplasm (D:2)
  A hobgoblin (D:1)
  A quokka (D:1)
  2 ball pythons (D:2)
  3 goblins (D:1)
  A rat (D:1)
14 creatures vanquished.

Notes
Turn   | Place    | Note
-------+----------+-------------------------------------------
     0 | D:1      | DavidChitty2 the Minotaur Fighter began the quest for the
                  | Orb.
     0 | D:1      | Reached XP level 1. HP: 19/19 MP: 0/0
    83 | D:1      | Found Wuev Taa's Jewellery Boutique.
   380 | D:1      | Reached XP level 2. HP: 27/27 MP: 1/1
   815 | D:2      | Noticed Sigmund
   826 | D:2      | Slain by Sigmund

Illustrated notes

Levels and vault maps discovered:
D:1:      spicycebolla_green_bress_n_ham_2, layout_loops_ring, serial_shops,
          shop
D:2:      layout_basic, uniq_sigmund

Skill      XL: |  1  2 |
---------------+-------+-----
Axes           | 3 |  3.1
Fighting       | |  3.9
Armour         | |  3.9
Shields        | |  3.9

Action                     || total
---------------------------++-------
  Melee: War axe           ||    30
         Headbutt          ||     3
 Armour: Scale mail        ||    15
  Dodge: Dodged            ||    10
  Block: Buckler           ||     8
